 Dungeon Sprint DCSS version 0.28-a0-1234-g826d19b2e0 (webtiles) character file.

Game seed: 3199645791160851531

289 rocky1 the Fighter (level 6, -5/74 HPs)
             Began as an Ogre Fighter on Dec 24, 2021.
             Was a Follower of Okawaru.
             Slain by a gnoll sergeant (12 damage)
             ... in the Dungeon (Sprint VII: "The Pits").
             The game lasted 00:02:48 (1463 turns).

rocky1 the Fighter (Ogre Fighter)                   Turns: 1463, Time: 00:02:48

Health: -5/74      AC:  3    Str: 21    XL:     6   Next: 31%
Magic:  5/6        EV: 10    Int:  9    God:    Okawaru [*.....]
Gold:   0          SH:  8    Dex: 10    Spells: 5/5 levels left

rFire   . . .      SeeInvis .   n - +0 hand axe (freeze)
rCold   . . .      Faith    .   c - +0 kite shield
rNeg    . . .      Spirit   .   b - +0 robe
rPois   .          Reflect  .   (helmet restricted)
rElec   .          Harm     .   (no cloak)
rCorr   .          Rampage  .   (gloves unavailable)
Will    .....      NoTele   +   (boots unavailable)
Stlth   +.........              (no amulet)
HPRegen 0.22/turn               (no ring)
MPRegen 0.10/turn               (no ring)

@: lethally poisoned (-5 -> -17)
A: large, unfitting armour, tough skin 1
a: Renounce Religion, Heroism


You were in the Dungeon.
You worshipped Okawaru.
Okawaru was aware of your devotion.
You visited 1 branch

Inventory:

Hand Weapons
 n - a +0 hand axe of freezing (weapon)
Armour
 b - a +0 robe (worn)
 c - a +0 kite shield (worn)
Scrolls
 j - a scroll of blinking
 l - 5 scrolls of amnesia
Potions
 d - a potion of might
 e - 6 potions of curing
 f - a potion of heal wounds
 g - a potion of haste
 h - 4 potions of magic
 i - a potion of berserk rage
 k - 2 potions of invisibility


   Skills:
 + Level 8.5 Fighting
 + Level 6.0 Axes
 + Level 4.5 Armour
 + Level 5.8 Dodging
 + Level 5.8 Shields
 + Level 0.0 Invocations


You had 5 spell levels left.
You didn't know any spells.
Your spell library was empty.

Dungeon Overview and Level Annotations

Branches:
Dungeon (1/1)

Altars:
Ashenzari
Cheibriados
Dithmenos
Elyvilon
Fedhas
Gozag
Hepliaklqana
Kikubaaqudgha
Makhleb
Nemelex Xobeh
Okawaru
Qazlal
Ru
Sif Muna
Trog
Uskayaw
Vehumet
Wu Jian
Xom
Yredelemnul
Zin
The Shining One
Beogh
Jiyva
Lugonu


Innate Abilities, Weirdness & Mutations

You are too large for most types of armour.
You have tough skin. (AC +1)


Message History

You hit the gnoll sergeant but do no damage.
The gnoll sergeant is heavily wounded.
You feel sick. You block the gnoll sergeant's attack.
You slash the gnoll sergeant! You freeze the gnoll sergeant.
The gnoll sergeant is almost dead.
You feel sick.
You hit the gnoll sergeant but do no damage.
The gnoll sergeant is almost dead.
You feel sick. You block the gnoll sergeant's attack.
You barely miss the gnoll sergeant.
The gnoll sergeant is almost dead.
You feel sick.
The gnoll sergeant hits you with a +0 trident of venom!
You are more poisoned.
You hit the gnoll sergeant but do no damage.
The gnoll sergeant is almost dead.
You feel very sick.
The gnoll sergeant hits you with a +0 trident of venom.
You are lethally poisoned!
You barely miss the gnoll sergeant.
The gnoll sergeant is almost dead.
You feel like a meek peon again.
* * * LOW HITPOINT WARNING * * *
You feel very sick.
You barely miss the gnoll sergeant.
The gnoll sergeant is almost dead.
* * * LOW HITPOINT WARNING * * *
You feel very sick. You block the gnoll sergeant's attack.
You hit the gnoll sergeant but do no damage.
The gnoll sergeant is almost dead.
* * * LOW HITPOINT WARNING * * *
You feel very sick. The gnoll sergeant barely misses you.
You block the gnoll sergeant's attack.
You hit the gnoll sergeant but do no damage.
The gnoll sergeant is almost dead.
* * * LOW HITPOINT WARNING * * *
You feel very sick.
The gnoll sergeant hits you with a +0 trident of venom!
You die...

#.#........##.......#
#†###########.......#
#.......# #########
#.###...# #.#.....#
#.#...#.# #.....#.#
#...###.#+#
#.......@g#
###########


You could see a gnoll sergeant.

Vanquished Creatures
  A fire bat (D)
  A black bear (D)
  An iron imp (D)
  A mummy (D)
  An adder (D)
  A white imp (D)
  An ufetubus (D)
  2 adder skeletons (D)
  2 ball pythons (D)
  A goblin (D)
  A hobgoblin (D)
  A bat (D)
  A rat (D)
15 creatures vanquished.

Notes
Turn   | Place    | Note
-------+----------+-------------------------------------------
     0 | D        | rocky1 the Ogre Fighter began the quest for the Orb.
     0 | D        | Reached XP level 1. HP: 24/24 MP: 1/1
   177 | D        | Found a bloodstained altar of Trog.
   177 | D        | Found a shimmering blue altar of Sif Muna.
   177 | D        | Found a viscous altar of Jiyva.
   177 | D        | Found a hazy altar of Hepliaklqana.
   177 | D        | Found an opulent altar of Gozag.
   179 | D        | Found a glowing golden altar of the Shining One.
   179 | D        | Found a glowing silver altar of Zin.
   179 | D        | Found a basalt altar of Yredelemnul.
   179 | D        | Found a shimmering altar of Xom.
   179 | D        | Found an ornate altar of the Wu Jian Council.
   179 | D        | Found a sacrificial altar of Ru.
   179 | D        | Found a stormy altar of Qazlal.
   179 | D        | Found an iron altar of Okawaru.
   179 | D        | Found a sparkling altar of Nemelex Xobeh.
   179 | D        | Found a burning altar of Makhleb.
   179 | D        | Found a blossoming altar of Fedhas.
   179 | D        | Found a white marble altar of Elyvilon.
   179 | D        | Found a shadowy altar of Dithmenos.
   179 | D        | Found a snail-covered altar of Cheibriados.
   182 | D        | Found a corrupted altar of Lugonu.
   182 | D        | Found a radiant altar of Vehumet.
   183 | D        | Found an ancient bone altar of Kikubaaqudgha.
   183 | D        | Found a hide-covered altar of Uskayaw.
   183 | D        | Found a broken altar of Ashenzari.
   187 | D        | Became a worshipper of Warmaster Okawaru
   230 | D        | Reached skill level 1 in Armour
   230 | D        | Reached XP level 2. HP: 26/33 MP: 2/2
   474 | D        | Reached skill level 5 in Fighting
   641 | D        | Reached XP level 3. HP: 17/42 MP: 3/3
  1035 | D        | HP: 1/42 [mummy (10)]
  1039 | D        | Noticed a black bear
  1045 | D        | Killed a black bear
  1045 | D        | Reached * piety under Okawaru
  1046 | D        | Reached skill level 7 in Fighting
  1046 | D        | Reached XP level 4. HP: 55/55 MP: 4/4
  1046 | D        | Reached XP level 5. HP: 62/62 MP: 5/5
  1056 | D        | Reached skill level 5 in Axes
  1056 | D        | Reached skill level 5 in Dodging
  1056 | D        | Reached skill level 5 in Shields
  1104 | D        | Noticed a fire bat
  1119 | D        | Killed a fire bat
  1120 | D        | Reached skill level 8 in Fighting
  1120 | D        | Reached XP level 6. HP: 45/74 MP: 6/6
  1463 | D        | Slain by a gnoll sergeant

Illustrated notes

Levels and vault maps discovered:
D:        pitsprint [storerooms_1, entrance_room_1, metal_vault_7, armoury_2,
          mini_pit_1, grid_room_1, main_hall_1, silver_pit, the_coven_3,
          the_vestibule_1, steel_vault_4, golden_pit, hallway_of_sentries,
          crystal_vault_1, iron_vault_3, final_vault]

Skill      XL: |  1  2  3  4  5 |
---------------+----------------+-----
Armour         | 1 3 4 |  4.5
Dodging        | 3 4 5 |  5.8
Shields        | 3 4 5 |  5.8
Fighting       | 5 7 8 |  8.5
Axes           | 3 4 6 |  6.0

Action                   |  1- 3 |  4- 6 || total
-------------------------+-------+-------++-------
Melee: War axe           |    40 |       ||    40
       Hand axe          |     9 |    29 ||    38
Invok: Heroism           |       |     1 ||     1
  Use: Potion            |     5 |     2 ||     7
 Stab: Sleeping          |       |     1 ||     1
Armor: Robe              |    17 |     5 ||    22
Dodge: Dodged            |    31 |     8 ||    39
Block: Kite shield       |    28 |    11 ||    39

Table legend: (Time is in decaauts)
 A = Elapsed time spent in this place.
 B = Non-inter-level travel time spent in this place.
 C = Inter-level travel time spent in this place.
 D = Time resting spent in this place.
 E = Time spent auto-exploring this place.
 F = Levels seen in this place.
 G = Mean time per level.
                   A        B        C        D        E       F      G
               +--------+--------+--------+--------+--------+-----+--------+
         Total |   1507 |   1491 |     16 |   1208 |      0 |   1 | 1507.0 |
       Dungeon |   1507 |   1491 |     16 |   1208 |      0 |   1 | 1507.0 |
               +--------+--------+--------+--------+--------+-----+--------+

Top non-repeatable levels by time:
       D: 1507 daAuts
